[Event "*** Titled Tuesday Blitz"]
[Site "Chess.com"]
[Date "2019.01.01"]
[Round "10"]
[White "dolynachess"]
[Black "pandamaster3000"]
[Result "1-0"]
[WhiteElo "2377"]
[BlackElo "2206"]
[TimeControl "180+2"]
[EndTime "15:21:26 PST"]
[Termination "dolynachess won by checkmate"]

1. d4 Nf6 2. c4 e6 3. g3 d5 4.
Nf3 Be7 5. Bg2 O-O 6. O-O c5 7. cxd5 Nxd5 8. e4 Nb6 9. Nc3 Nc6 10. dxc5 Bxc5 11. a3 Nd4 12. b4 Nxf3+ 13. Qxf3 Bd4 14. Rd1 e5 15. Be3 Be6 16. Rac1 Rc8 17. Ne2 Rxc1 18. Bxc1 Qd6 19. Nxd4 exd4 20. Bb2 Nc4 21. Rxd4 Qe5 22.
Qc3 Nxb2 23. Qxb2 a5 24. h4 a4 25. Qd2 Bb3 26. Kh2 g6 27. f4 Qb5 28. e5 Kg7 29. Rd7 b6 30. Qd6 Rc8 31. Qf6+ Kg8 32.
Rd8+ Rxd8 33. Qxd8+ Kg7 34. Qf6+ Kg8 35. h5 gxh5 36.
Qd8+ Kg7 37. Qg5+ Kf8 38. Qxh5 Qd3 39. Qf3 Qc2 40. Qc6 Qb2 41. Qxb6 Qxa3 42. Qd8+ Kg7 43. Qf6+ Kf8 44. b5 Qe7 45. Qh8# 1-0

[Event "*** Titled Tuesday Blitz"]
[Site "Chess.com"]
[Date "2019.01.01"]
[Round "10"]
[White "wannabe2700"]
[Black "TST2014"]
[Result "1-0"]
[WhiteElo "2558"]
[BlackElo "2500"]
[TimeControl "180+2"]
[EndTime "15:21:29 PST"]
[Termination "wannabe2700 won by resignation"]

1. d4 Nf6 2. c4 g6 3. f3 Bg7 4. e4 O-O 5. Nc3 d6 6. Be3 Nc6 7. Nge2 Re8 8. Qd2 a6 9. d5 Ne5 10. Ng3 h5 11. Bg5 Nh7 12. Bh6 Bf6 13. Be2 h4 14. Nf1 h3 15. g4 Bh4+ 16. Ng3 Ng5 17.
Bxg5 Bxg5 18. Qxg5 b5 19. cxb5 axb5 20. f4 b4 21.
fxe5 bxc3 22. bxc3 dxe5 23. Qxe5 e6 24. O-O exd5 25.
Qxd5 Be6 26. Qxd8 Rexd8 27. a4 Rd2 28. a5 Ba2 29. a6 c5 30. Rf6 Kg7 31. Rc6 c4 32. Bxc4 Rg2+ 33. Kh1 Rd8 34. Bd5 Bxd5 35. exd5 Rxd5 36. a7 Rdd2 37. Nf1 Ra2 38. a8=Q Rxa8 39. Rxa8 Rxg4 40. Rd6 Rf4 41. Ra1 Rf3 42. Rc1 f5 43. c4 g5 44. c5 g4 45. c6 f4 46. c7 g3 47. hxg3 fxg3 48. Nxg3 Rc3 49. Rxc3 1-0

[Event "*** Titled Tuesday Blitz"]
[Site "Chess.com"]
[Date "2019.01.01"]
[Round "10"]
[White "MehdiHosseinipour"]
[Black "DryCounty"]
[Result "1-0"]
[WhiteElo "2584"]
[BlackElo "2702"]
[TimeControl "180+2"]
[EndTime "15:21:31 PST"]
[Termination "MehdiHosseinipour won by resignation"]

1. e4 Nf6 2. e5 Nd5 3. d4 d6 4.
Nf3 g6 5. Bc4 Nb6 6. Bb3 Bg7 7.
O-O dxe5 8. Nxe5 O-O 9. h3 Bxe5 10. dxe5 Qxd1 11. Rxd1 Nc6 12. f4 Bf5 13. Nc3 Rfd8 14. Be3 Na5 15. g4 Nxb3 16. cxb3 Bc2 17. Rxd8+ Rxd8 18.
Rc1 Bd3 19. Rd1 Rd7 20. Bxb6 axb6 21. a4 Kf8 22. Kf2 Ke8 23. Ke3 Bc2 24. Rxd7 Kxd7 25. b4 h5 26. Kd4 h4 27. a5 c5+ 28. bxc5 bxa5 29. Nd5 Bd1 30. Ke4 Kc6 31. Nxe7+ Kxc5 32. e6 fxe6 33. Nxg6 Bc2+ 34. Ke5 Bxg6 35. Kxe6 Bc2 36.
f5 Kd4 37. f6 Bb3+ 38. Ke7 Ke5 39. f7 Bxf7 40. Kxf7 Kf4 41. Kf6 Kg3 42. g5 Kxh3 43. g6 Kg2 44. g7 h3 45. g8=Q+ Kf2 1-0

[Event "*** Titled Tuesday Blitz"]
[Site "Chess.com"]
[Date "2019.01.01"]
[Round "10"]
[White "novocane"]
[Black "minnesotachessmaster"]
[Result "0-1"]
[WhiteElo "2096"]
[BlackElo "1969"]
[TimeControl "180+2"]
[EndTime "15:21:31 PST"]
[Termination "minnesotachessmaster won on time"]

1. d4 Nf6 2. c4 e6 3. Nc3 Bb4 4. e3 O-O 5. Ne2 c5 6. a3 Bxc3+ 7. Nxc3 cxd4 8. exd4 d5 9. Bg5 h6 10. Bxf6 Qxf6 11.
cxd5 exd5 12. Nxd5 Qe6+ 13. Ne3 Rd8 14. Bc4 Qf6 15. O-O Qxd4 16. Qb3 Nc6 17. Bxf7+ Kh8 18.
Be6 Bxe6 19. Qxe6 Rd6 20. Qg4 Qxb2 21. Rab1 Qf6 22. Rxb7 Ne5 23. Qa4 Rf8 24. Ng4 Nxg4 25. Qxg4 Rd2 26. Qg3 Qd4 27. h3 Rd3 28. Qg6 Rxa3 29.
Qc6 Ra2 30. Qc7 Raxf2 31. Rxf2 Qxf2+ 32. Kh2 Qf4+ 33. Qxf4 Rxf4 34. Rxa7 Rf6 35. Kg3 Kh7 0-1

[Event "*** Titled Tuesday Blitz"]
[Site "Chess.com"]
[Date "2019.01.01"]
[Round "10"]
[White "FelixBlohberger"]
[Black "MatyChess1"]
[Result "0-1"]
[WhiteElo "2569"]
[BlackElo "2513"]
[TimeControl "180+2"]
[EndTime "15:21:35 PST"]
[Termination "MatyChess1 won by resignation"]

1. e4 c5 2. a3 e6 3. b4 cxb4 4.
axb4 Bxb4 5. Ra3 Bxa3 6. Bxa3 d6 7. Qg4 Nf6 8. Qxg7 Rg8 9. Qh6 Nc6 10. Nc3 Rg6 11.
Qh4 Qa5 12. Bxd6 Qa1+ 13. Nd1 Qd4 14. Ba3 Qxe4+ 15. Qxe4 Nxe4 16. Bd3 f5 17. Bxe4 fxe4 18. Ne3 b6 19. Ne2 Ba6 20. Ng3 O-O-O 21. Nxe4 Nd4 22. f3 Nxc2+ 23. Nxc2 Rxg2 24. Nb4 Bd3 25. Nc6 Rd7 26.
Nd6+ Kc7 27. Nxa7 Rxd6 28. Bxd6+ Kxd6 29. Kd1 Kc7 30. Re1 Kb7 31. Kc1 Kxa7 32. Rxe6 Rxh2 0-1

[Event "*** Titled Tuesday Blitz"]
[Site "Chess.com"]
[Date "2019.01.01"]
[Round "10"]
[White "rasmussvane"]
[Black "nihalsarin"]
[Result "0-1"]
[WhiteElo "2732"]
[BlackElo "2950"]
[TimeControl "180+2"]
[EndTime "15:21:38 PST"]
[Termination "nihalsarin won by checkmate"]

1. Nf3 Nf6 2. c4 c6 3. d4 d5 4. Nbd2 g6 5. b3 Bg7 6. Bb2 O-O 7. e3 Nbd7 8. Be2 e6 9. O-O b6 10. b4 Bb7 11. Qb3 dxc4 12. Nxc4 Qe7 13. a4 Rfd8 14.
Rfc1 Rac8 15. Rab1 Ne4 16. Ba3 Ba8 17. Qc2 c5 18.
dxc5 bxc5 19. bxc5 Ndxc5 20. Bb4 Qe8 21. a5 Bd5 22.
Nd4 Nxf2 23. Kxf2 Be4 24. Qb2 Bxb1 25. Rxb1 Ne4+ 26. Kf1 Bh6 27. Nf3 Rd5 28. Qc2 f5 29.
Qa2 Qd8 30. Be1 Bg7 31. Rb7 Rc7 32. Rb1 h6 33. Na3 Kh7 34. Bc4 Rdc5 35. Bxe6 Re7 36.
Bb4 Qd3+ 37. Kg1 Qxe3+ 38. Kf1 Rxe6 39. Bxc5 Qxc5 40. Qxe6 Qf2# 0-1

[Event "*** Titled Tuesday Blitz"]
[Site "Chess.com"]
[Date "2019.01.01"]
[Round "10"]
[White "AnonymousBread"]
[Black "VNeimer"]
[Result "1-0"]
[WhiteElo "2537"]
[BlackElo "2407"]
[TimeControl "180+2"]
[EndTime "15:21:39 PST"]
[Termination "AnonymousBread won by resignation"]

1. d4 Nf6 2. Nc3 d5 3. Bf4 e6 4. e3 Bb4 5. Bd3 c5 6. dxc5 Nbd7 7. Nf3 Nxc5 8. O-O O-O 9. Ne2 Nxd3 10. cxd3 Bd7 11. Rc1 Rc8 12. Qb3 Qb6 13. Be5 Be7 14. Qxb6 axb6 15. h3 Rxc1 16. Rxc1 Rc8 17. Rxc8+ Bxc8 18. Bxf6 gxf6 19. d4 Bd7 20. Nc3 Bd6 21.
Kf1 Bc6 22. Ke2 b5 23. Kd3 b4 24. Ne2 e5 25. Kd2 Kf8 26. Nh4 Bd7 27. f4 Ke7 28. g4 h6 29. Nf3 exf4 30. exf4 f5 31. g5 hxg5 32. fxg5 f6 33. h4 fxg5 34. hxg5 f4 35. Ne5 Bf5 36. Nxf4 Bb1 37. g6 Bxe5 38. dxe5 Bxa2 39.
Ke3 d4+ 40. Kxd4 Bg8 41. Kc5 b3 42. Kb6 Kf8 43. Kxb7 Kg7 44. Kc6 Kh6 45. e6 1-0

[Event "*** Titled Tuesday Blitz"]
[Site "Chess.com"]
[Date "2019.01.01"]
[Round "10"]
[White "Diwi89"]
[Black "BlackBoarder"]
[Result "0-1"]
[WhiteElo "2712"]
[BlackElo "2588"]
[TimeControl "180+2"]
[EndTime "15:21:40 PST"]
[Termination "BlackBoarder won by resignation"]

1. e4 e6 2. Nf3 d5 3. Nc3 Nf6 4. e5 Nfd7 5. d4 c5 6. dxc5 Bxc5 7. Bd3 Nc6 8. Bf4 h6 9. h4 Nb4 10. Qd2 Nxd3+ 11. cxd3 b6 12. d4 Bb4 13. O-O-O Ba6 14. Kb1 Rc8 15. Rc1 Qe7 16. h5 Nb8 17. a3 Bxc3 18.
Rxc3 Kd7 19. g4 Rxc3 20. Qxc3 Rc8 21. Qb3 Be2 22. Rg1 Bxf3 23. Qxf3 Nc6 24. g5 Nxd4 25. Qd3 Nf5 26. gxh6 gxh6 27. Qa6 Rc7 28. Qa4+ Kc8 29. Qa6+ Kd7 30. Bd2 Qc5 31. Rc1 Qxf2 32. Qb5+ Kd8 33. Bc3 Qc5 34. Qe2 Qc4 35. Qf2 Kc8 36. Ka1 Kb7 37.
Rd1 Qb3 38. Qd2 Qc4 39. Re1 Qg4 40. Qh2 Qf3 41. Bd2 a5 42. Bc1 Qb3 43. Qg2 Nd4 44.
Kb1 Nc2 45. Rg1 Nxa3+ 46. Ka1 Nc2+ 47. Kb1 Nb4 0-1

[Event "*** Titled Tuesday Blitz"]
[Site "Chess.com"]
[Date "2019.01.01"]
[Round "10"]
[White "andrzej"]
[Black "Siemba"]
[Result "1-0"]
[WhiteElo "2283"]
[BlackElo "2129"]
[TimeControl "180+2"]
[EndTime "15:21:46 PST"]
[Termination "andrzej won by resignation"]

1. d4 Nf6 2. c4 g6 3. Nf3 Bg7 4. g3 O-O 5. Bg2 d6 6. O-O Nbd7 7. Qc2 c5 8. d5 e6 9. dxe6 fxe6 10. Rd1 Qe7 11. Nc3 Rb8 12. Bf4 e5 13. Bg5 Nb6 14.
Nb5 Rd8 15. Nxa7 Bf5 16. Qb3 Nbd7 17. Nb5 Nf8 18. Nc3 Ne6 19. Nd5 Qf7 20. Bxf6 Bxf6 21. e3 Bg7 22. Nd2 b5 23. cxb5 Ng5 24. Ne7+ Kf8 25.
Qxf7+ Nxf7 26. Nxf5 gxf5 27. a4 e4 28. Nc4 d5 29.
Na5 Ne5 30. Rac1 c4 31. Rc2 Rbc8 32. Bh3 Rc7 33. Bxf5 Rd6 34. Bxe4 dxe4 35. Rxd6 Ke7 36.
Rb6 Rd7 37. Rb7 Nf3+ 38. Kf1 Nxh2+ 39. Ke2 Nf3 40. Rxd7+ Kxd7 41. Nxc4 Ke6 42. Nd2 1-0

[Event "*** Titled Tuesday Blitz"]
[Site "Chess.com"]
[Date "2019.01.01"]
[Round "10"]
[White "m3alam"]
[Black "Bad4life"]
[Result "1-0"]
[WhiteElo "2143"]
[BlackElo "2337"]
[TimeControl "180+2"]
[EndTime "15:21:47 PST"]
[Termination "m3alam won by resignation"]

1. d4 Nf6 2. Nf3 g6 3. g3 Bg7 4.
Bg2 O-O 5. O-O d6 6. c4 Nbd7 7. Nc3 e5 8. h3 c6 9. e4 Qb6 10. c5 dxc5 11. dxe5 Ne8 12. e6 fxe6 13. Ng5 Ne5 14.
f4 Nf7 15. Nxf7 Bd4+ 16. Kh2 Rxf7 17. e5 Qc7 18. Ne2 Rd7 19. Qb3 Rd5 20. Be3 c4 21.
Qa3 Ra5 22. Nxd4 Rxa3 23. bxa3 Qa5 24. Nc2 Nc7 25. Rad1 Nd5 26. Bd4 Bd7 27. g4 Qa4 28. Be4 c3 29. f5 g5 30. f6 Kf7 31. Bxh7 Rh8 32. Bd3 Nf4 33. Rxf4 gxf4 34. g5 Rg8 35. Rg1 Be8 36. g6+ Rxg6 37. Bxg6+ Kg8 38. Bxe8+ Kf8 39. Bg6 b6 40. Bxc3 f3 41. Bb4+ c5 42. Rd1 Qxc2+ 43. Bxc2 cxb4 1-0

[Event "*** Titled Tuesday Blitz"]
[Site "Chess.com"]
[Date "2019.01.01"]
[Round "10"]
[White "Blitzstream"]
[Black "Bigfish1995"]
[Result "0-1"]
[WhiteElo "2573"]
[BlackElo "2899"]
[TimeControl "180+2"]
[EndTime "15:21:48 PST"]
[Termination "Bigfish1995 won by checkmate"]

1. e4 c5 2. Nf3 d6 3. d4 cxd4 4. Nxd4 Nf6 5. Nc3 a6 6. Rg1 Qb6 7.
Nb3 Bg4 8. Be2 Bxe2 9. Qxe2 e6 10. Be3 Qc7 11. g4 Nc6 12. g5 Nd7 13. O-O-O g6 14.
Nd5 exd5 15. exd5 Ne7 16. Bd4 Rg8 17. Rg3 Ne5 18. f4 Nc4 19. Rc3 b5 20. Nd2 Rc8 21. b3 Bg7 22. Nxc4 bxc4 23. Rxc4 Qb7 24. Rxc8+ Qxc8 25. Re1 Qb7 26. Bf6 Bf8 27. Qg4 Rg7 28. Re4 h5 29.
gxh6 Rh7 30. Rc4 Rxh6 31. a4 Rxh2 32. Kb2 Rh5 33. Bg5 Bg7+ 34. Ka3 Rh1 35. c3 Ra1+ 36. Kb2 Rb1+ 37. Kc2 Qxb3+ 38. Kd3 Rd1+ 39. Ke2 Qc2+ 40. Kf3 Rd3+ 41. Ke4 Rxc3# 0-1

[Event "*** Titled Tuesday Blitz"]
[Site "Chess.com"]
[Date "2019.01.01"]
[Round "10"]
[White "TheBigBoss04"]
[Black "vovachesss"]
[Result "0-1"]
[WhiteElo "2511"]
[BlackElo "2497"]
[TimeControl "180+2"]
[EndTime "15:21:50 PST"]
[Termination "vovachesss won by resignation"]

1. b3 c5 2. Bb2 Nc6 3. Nf3 d5 4. e3 Bg4 5. Bb5 Qb6 6. a4 Nf6 7. h3 Bh5 8. g4 Bg6 9. Ne5 Nd7 10.
Nxd7 Kxd7 11. d3 e6 12. Nd2 f6 13. h4 h5 14. g5 Be7 15. Rg1 Bf5 16. e4 Bh7 17. g6 Bg8 18. exd5 exd5 19. Qf3 a6 20.
Bxc6+ Qxc6 21. a5 Be6 22. O-O-O Bg4 23. Rxg4 hxg4 24. Qxg4+ Qe6 25. Qg2 Bd6 26. d4 Rac8 27.
dxc5 Rxc5 28. Nf3 Qe4 29. Qh3+ Kc7 30. Nd4 Rxh4 31. Qf1 Qxg6 32. Ne6+ Kc6 33. Nxc5 Bxc5 34. Qe2 Qe4 35. Qf1 Rf4 36. Qg1 Rxf2 37. Rd3 Rxc2+ 38.
Kxc2 Bxg1 0-1

[Event "*** Titled Tuesday Blitz"]
[Site "Chess.com"]
[Date "2019.01.01"]
[Round "10"]
[White "esteban062000"]
[Black "Martins-BR"]
[Result "0-1"]
[WhiteElo "2158"]
[BlackElo "2218"]
[TimeControl "180+2"]
[EndTime "15:21:50 PST"]
[Termination "Martins-BR won by checkmate"]

1. Nf3 f5 2. c4 Nf6 3. b4 g6 4. Bb2 Bg7 5. g3 O-O 6. Bg2 d6 7. O-O e5 8. d3 Nc6 9. b5 Ne7 10. Qb3 Kh8 11. Nc3 h6 12. a4 Rb8 13. a5 b6 14. axb6 axb6 15. Ra7 Be6 16. Rfa1 g5 17. Nd2 f4 18. Ra8 Qd7 19. Rxb8 Rxb8 20. Nde4 Ng4 21. Qa3 fxg3 22. hxg3 Rf8 23. Rf1 Nf5 24. Nd2 Qf7 25. Nf3 Nd4 26. Nxd4 exd4 27. Ne4 Qh5 28. Ra1 Qh2+ 29. Kf1 Ne3+ 30. Ke1 Nxg2+ 31. Kd2 Rf7 32. Qa8+ Kh7 33. Qe8 Qh3 34. Ra8 Kg6 35. Qg8 Qh1 36.
Bxd4 Qe1+ 37. Kc2 Qxe2+ 38. Nd2 Ne1+ 39. Kb3 Qxd3+ 40. Kb4 Qxd4 41. Nb3 Qc3+ 42. Ka4 Nc2 43. Re8 Qb4# 0-1

[Event "*** Titled Tuesday Blitz"]
[Site "Chess.com"]
[Date "2019.01.01"]
[Round "10"]
[White "RajdeepS"]
[Black "Boundless_Strike"]
[Result "0-1"]
[WhiteElo "2478"]
[BlackElo "2479"]
[TimeControl "180+2"]
[EndTime "15:21:51 PST"]
[Termination "Boundless_Strike won by resignation"]

1. c4 c6 2. Nf3 d5 3. g3 Nf6 4. Bg2 dxc4 5. O-O Bf5 6. a4 e6 7.
Na3 Qd5 8. Nh4 Be4 9. f3 Bg6 10.
Nxg6 hxg6 11. Qc2 Bc5+ 12. e3 Bxa3 13. Rxa3 Nbd7 14. f4 Qh5 15. h3 Nc5 16. Qxc4 Nce4 17.
Bxe4 Qxh3 18. Bg2 Qh2+ 19. Kf2 Ng4+ 20. Kf3 Qh5 21. Rh1 Ne5+ 22. Kf2 Qxh1 23. Bxh1 Nxc4 24.
Rc3 Rxh1 25. Rxc4 O-O-O 26. b4 Rdh8 27. Kf3 f5 28. Ke2 a6 29. Bb2 R1h2+ 30. Kd1 Rd8 31. Bd4 Rg2 32. b5 axb5 33. axb5 Kc7 34. bxc6 bxc6 35.
Ra4 c5 36. Rc4 Rd5 37. Rxc5+ Rxc5 38. Bxc5 Rxg3 39. Bd4 g5 40. Bxg7 g4 41. Ke2 Rg2+ 42. Ke1 Kc6 43. d3 Kb5 44. Kf1 Ra2 45. e4 Rd2 46.
exf5 exf5 47. d4 Kc4 48. Be5 Rxd4 49. Bxd4 Kxd4 50. Kf2 Ke4 51. Kg3 Ke3 52. Kh4 Kxf4 53. Kh5 g3 54. Kh6 g2 55. Kh7 g1=Q 0-1

[Event "*** Titled Tuesday Blitz"]
[Site "Chess.com"]
[Date "2019.01.01"]
[Round "10"]
[White "MatthewG-p4p"]
[Black "jcibarra"]
[Result "0-1"]
[WhiteElo "2637"]
[BlackElo "2736"]
[TimeControl "180+2"]
[EndTime "15:21:52 PST"]
[Termination "jcibarra won by resignation"]

1. c4 e5 2. Nc3 Nf6 3. g3 Bb4 4. Bg2 O-O 5. e4 Nc6 6. Nge2 Bc5 7. O-O a6 8. d3 h6 9. h3 b5 10. b3 d6 11. Kh2 Nd4 12. f4 c6 13. Rb1 Re8 14. f5 Nxe2 15. Qxe2 Bd4 16. Bb2 b4 17. Nd1 Bxb2 18. Rxb2 d5 19. Ne3 Bb7 20. Ng4 dxe4 21.
Bxe4 Nxg4+ 22. Qxg4 Qf6 23. Re2 Rad8 24. Qf3 Rd4 25.
h4 Red8 26. Kh3 Bc8 27. g4 Kf8 28. Rg1 Ke7 29. Re3 Kd6 30. Bxc6 Kc5 31. Bd5 h5 32. g5 Qxf5+ 33. Qxf5 Bxf5+ 34. Kg3 R8xd5 35. cxd5 Kxd5 36. Rf3 g6 37. Rh1 a5 38. Kf2 e4 39. Rg3 exd3 40. Rd1 Rxh4 41. Re3 Rh2+ 42. Kg3 Rxa2 43. Re7 Rb2 44.
Rxf7 Rxb3 45. Kf4 Rc3 46. Re1 Rc4+ 47. Kg3 Rg4+ 48. Kf3 Rxg5 49. Re8 Kc4 50. Rc7+ Kb3 51. Rd8 Bg4+ 52. Kf4 Rf5+ 53. Ke3 Be2 54. Rg8 g5 55.
Rb7 g4 56. Rh7 Rd5 57. Kd2 a4 58. Rb7 a3 59. Rgb8 Rd4 60. Ra7 g3 61. Rg8 h4 62.
Ke1 d2+ 0-1

[Event "*** Titled Tuesday Blitz"]
[Site "Chess.com"]
[Date "2019.01.01"]
[Round "10"]
[White "pedroholly22"]
[Black "MerdeNoms943"]
[Result "0-1"]
[WhiteElo "2275"]
[BlackElo "2266"]
[TimeControl "180+2"]
[EndTime "15:21:52 PST"]
[Termination "MerdeNoms943 won by resignation"]

1. e4 d6 2. d4 Nf6 3. Nc3 g6 4.
f3 c6 5. Be3 Nbd7 6. Qd2 b5 7.
a3 a5 8. Nge2 Bg7 9. g4 Ba6 10. g5 Nh5 11. Nd1 e5 12. c3 O-O 13.
Ng3 Nf4 14. Bxf4 exf4 15. Qxf4 f6 16. Qxd6 fxg5 17. e5 Re8 18. Ne4 Bb7 19. Bh3 g4 20.
Bxg4 Qh4+ 21. Ndf2 Nxe5 22. dxe5 Bxe5 23. Qd7 Re7 24. Qd2 h5 25. Bh3 c5 26. O-O-O Bf4 27. Kb1 Bxd2 28. Rxd2 Bxe4+ 29. fxe4 Rf8 30. Rf1 Rxf2 31.
Rdxf2 Qxh3 32. Rd1 Qh4 33. Rfd2 Qxe4+ 34. Ka2 b4 35.
Rd5 Qc4+ 36. Kb1 bxc3 37. Rd8+ Kg7 38. R8d6 c2+ 39. Kc1 cxd1=Q+ 40. Kxd1 Qb3+ 41. Kc1 Re1+ 0-1

[Event "*** Titled Tuesday Blitz"]
[Site "Chess.com"]
[Date "2019.01.01"]
[Round "10"]
[White "j2806"]
[Black "aRk_iN"]
[Result "0-1"]
[WhiteElo "1721"]
[BlackElo "2051"]
[TimeControl "180+2"]
[EndTime "15:21:56 PST"]
[Termination "aRk_iN won on time"]

1. e4 c6 2. d4 d5 3. exd5 cxd5 4. Bd3 Nc6 5. c3 g6 6. h3 Bf5 7. Nf3 Bxd3 8. Qxd3 Bg7 9. O-O Nf6 10. Re1 O-O 11. Bf4 e6 12. Ne5 Nd7 13. Nxd7 Qxd7 14. Nd2 Rfc8 15.
Nf3 a6 16. Ne5 Nxe5 17. Bxe5 b5 18. Re3 a5 19. Qd2 Bf8 20. Rc1 b4 21. cxb4 axb4 22.
Rxc8 Qxc8 23. b3 Qa6 24. Re2 Rc8 25. Qb2 Be7 26. Rc2 f6 27. Bf4 g5 28. Bd2 Bd6 29. Rxc8+ Qxc8 30. Qc1 Qa6 31. Qc2 Kg7 32. Be1 Qb7 33.
Qd2 Qb6 34. Kh1 Qc7 35. f3 Qb7 36. Qe2 Kf7 37. Bd2 Qa7 38. Qd3 f5 39. Qc2 Qxd4 0-1

[Event "*** Titled Tuesday Blitz"]
[Site "Chess.com"]
[Date "2019.01.01"]
[Round "10"]
[White "TwentyHourADay"]
[Black "WinnerOleg"]
[Result "1-0"]
[WhiteElo "2281"]
[BlackElo "2359"]
[TimeControl "180+2"]
[EndTime "15:21:57 PST"]
[Termination "TwentyHourADay won by resignation"]

1. e4 c5 2. b4 cxb4 3. Nf3 Nc6 4. d4 d5 5. exd5 Qxd5 6. c4 bxc3 7. Nxc3 Qd8 8. d5 Nb8 9. Bc4 Nf6 10. Ne5 Qc7 11.
Qd4 e6 12. Nb5 Bb4+ 13. Ke2 Qd8 14. dxe6 Qxd4 15. exf7+ Ke7 16. Nxd4 Nbd7 17. Nf5+ Kd8 18. Nxd7 Bxd7 19. Nxg7 Ke7 20. Bg5 h6 21. Bh4 b5 22.
Rab1 Bc3 23. Bd5 Raf8 24. Nh5 Bg4+ 25. Bf3 Kxf7 26. Nxf6 Bxf3+ 27. Kxf3 Bxf6 28. Bxf6 Kxf6 29. Rxb5 Ke6+ 30. Ke3 Kd6 31. Rd1+ Kc6 32. Re5 Rf6 33. f4 Rg8 34. g3 Rb8 35. Rc1+ Kd6 36. Rc2 Rb1 37.
Rd2+ Kc6 38. g4 Re1+ 39. Kd3 Rd6+ 40. Kc2 Ra1 41. Rxd6+ Kxd6 42. Ra5 Rh1 43. Ra6+ Kd5 44. Rxh6 Ke4 45. f5 Kf4 46. h3 1-0

[Event "*** Titled Tuesday Blitz"]
[Site "Chess.com"]
[Date "2019.01.01"]
[Round "10"]
[White "mersad_98"]
[Black "juniortay"]
[Result "0-1"]
[WhiteElo "2617"]
[BlackElo "2435"]
[TimeControl "180+2"]
[EndTime "15:22:03 PST"]
[Termination "juniortay won by checkmate"]

1. e4 e5 2. Nf3 Nf6 3. Nxe5 Nc6 4. Nxc6 dxc6 5. Nc3 Bc5 6. f3 O-O 7. d3 Nh5 8. g3 f5 9. Qe2 f4 10. Qg2 Be6 11.
Be2 Qf6 12. Bd2 Bd4 13. O-O-O g6 14. Kb1 b5 15. Be1 a5 16. Rc1 a4 17. a3 b4 18. Na2 bxa3 19. c3 axb2 20. Rc2 Rfb8 21. c4 a3 22. g4 Ng7 23. Bf2 c5 24. h4 Bd7 25. g5 Qe5 26. Bxd4 Qxd4 27. Qg1 Qe5 28.
d4 cxd4 29. Bd3 Rb3 30. Qf1 Ne6 31. c5 Kg7 32. h5 Nxg5 33. hxg6 hxg6 34. c6 Be6 35.
Bc4 Rab8 36. Bxe6 Qxe6 37. Qg1 Qe5 38. Rg2 Rxf3 39. Rxg5 Qxe4# 0-1

[Event "*** Titled Tuesday Blitz"]
[Site "Chess.com"]
[Date "2019.01.01"]
[Round "10"]
[White "joppie2"]
[Black "GMWSO"]
[Result "0-1"]
[WhiteElo "2750"]
[BlackElo "2971"]
[TimeControl "180+2"]
[EndTime "15:22:08 PST"]
[Termination "GMWSO won by resignation"]

1. c4 e5 2. Nc3 Nf6 3. Nf3 Nc6 4. g3 d5 5. cxd5 Nxd5 6. Bg2 Nb6 7. O-O Be7 8. d3 O-O 9. a3 Be6 10. b4 a5 11. b5 Nd4 12. Rb1 f6 13. e3 Nxf3+ 14. Bxf3 Rb8 15. Qc2 Qd7 16. Rd1 f5 17. Bb2 f4 18. exf4 exf4 19. Be4 Bf5 20. Ne2 fxg3 21. hxg3 Bd6 22. Nd4 Bg4 23. Re1 Qf7 24.
Qb3 a4 25. Qxf7+ Kxf7 26. Nf3 Kg8 27. Ng5 h6 28. Nh7 Rf7 29. Bg6 Bf5 30. Bxf7+ Kxf7 31. Be5 Bxh7 32. Rbc1 Nd5 33. b6 Bxa3 34. bxc7 Rc8 35. Ra1 Bb4 36. Rec1 a3 37. Rc4 Ke6 38. Bxg7 Rxc7 39.
Rxc7 Nxc7 40. Bxh6 Bxd3 41. Bc1 Nb5 42. g4 Bc4 43. g5 Bc3 44. Rxa3 Nxa3 45. Bxa3 b5 46. f4 b4 0-1

[Event "*** Titled Tuesday Blitz"]
[Site "Chess.com"]
[Date "2019.01.01"]
[Round "10"]
[White "NemtsevIgor"]
[Black "Gr3egor"]
[Result "0-1"]
[WhiteElo "2296"]
[BlackElo "2455"]
[TimeControl "180+2"]
[EndTime "15:22:09 PST"]
[Termination "Gr3egor won by resignation"]

1. d4 Nf6 2. Nc3 d5 3. e4 dxe4 4. Be3 Bf5 5. f3 exf3 6. Nxf3 e6 7. Bd3 Bxd3 8. Qxd3 Bd6 9. O-O c6 10. Rae1 Qc7 11. Ne5 Nbd7 12. Bf4 Rd8 13. Qe2 Nxe5 14.
dxe5 Bc5+ 15. Kh1 Nd5 16. Bg5 Rd7 17. Ne4 Bf8 18. c4 Nb4 19. Rf3 Qxe5 20. a3 Na6 21.
b4 Be7 22. Bxe7 Rxe7 23. c5 O-O 24. Re3 Rd8 25. Nd6 Qg5 26. Rg3 Qf6 27. Rf1 Qd4 28. Rgf3 Rdd7 29. Nxb7 Nxb4 30. Na5 Nd5 31. Nxc6 Qxc5 32.
Nxe7+ Rxe7 33. Qb2 g6 34. Rc1 Rb7 35. Qa1 Qf8 36.
h3 Rc7 37. Qe5 Rxc1+ 38. Kh2 Qd8 39. h4 Qc7 40. Qxc7 Rxc7 41. Rb3 Kg7 42. Rb5 h5 43. g3 Rc2+ 44. Kh3 Rc3 45. a4 Nf4+ 46. Kh2 Rc2+ 47. Kh1 Nd5 48. a5 Ra2 0-1

[Event "*** Titled Tuesday Blitz"]
[Site "Chess.com"]
[Date "2019.01.01"]
[Round "10"]
[White "itisabigworld"]
[Black "Hieronymus00"]
[Result "0-1"]
[WhiteElo "2334"]
[BlackElo "2149"]
[TimeControl "180+2"]
[EndTime "15:22:09 PST"]
[Termination "Hieronymus00 won by resignation"]

1. e4 e5 2. f4 exf4 3. Nf3 g5 4. Nc3 Bg7 5. Bc4 d6 6. h4 h6 7. d4 Nc6 8. O-O Bg4 9. Ne2 Bxf3 10. Rxf3 Qe7 11. c3 O-O-O 12. Nxf4 gxf4 13. Rxf4 Nf6 14. Qf3 Rhg8 15. Be3 h5 16. Bf2 Rde8 17. Re1 Nd8 18. e5 dxe5 19. dxe5 Ng4 20. Bxf7 Nxf7 21. Rxf7 Qe6 22.
Rf4 Nxe5 23. Qe3 Bh6 24. Qxa7 Bxf4 25. Qa8+ Kd7 26. Qxb7 Qd6 27. Qe4 Qe6 28. Rd1+ Ke7 29. Bc5+ Kf7 30. Rf1 Ng6 31. Qd3 Qe4 32. Qb5 Ne7 33.
Qb3+ Nd5 34. Rf2 Qe1+ 35. Rf1 Qe4 36. Rf2 Kg7 37. Qd1 Kh6 38. Kf1 Qc4+ 39. Kg1 Qxc5 40. Kf1 Ne3+ 41. Ke2 Nxd1+ 42. Kxd1 Qxf2 0-1

[Event "*** Titled Tuesday Blitz"]
[Site "Chess.com"]
[Date "2019.01.01"]
[Round "10"]
[White "FightingChess"]
[Black "Bryakin_Mikhail"]
[Result "0-1"]
[WhiteElo "2285"]
[BlackElo "2681"]
[TimeControl "180+2"]
[EndTime "15:22:11 PST"]
[Termination "Bryakin_Mikhail won by resignation"]

1. e4 c6 2. d4 d5 3. Nc3 dxe4 4. Nxe4 Nf6 5. Nxf6+ gxf6 6. c3 Bf5 7. Nf3 e6 8.
g3 Bd6 9. Bg2 Qc7 10. O-O Nd7 11. Bh6 Bf8 12. Qd2 Bxh6 13. Qxh6 O-O-O 14. b4 Be4 15. Rfd1 f5 16. Rac1 Qd6 17. a4 Kb8 18. a5 a6 19. Ne1 Bxg2 20. Nxg2 Qe7 21. Qf4+ Ka8 22. Ne3 Nf6 23. Nc4 Nd5 24. Nb6+ Ka7 25. Qe5 Qc7 26. Qxc7 Nxc7 27. c4 h5 28. Rc3 h4 29. Kg2 h3+ 30.
Kf3 Rhg8 31. Rcd3 Rg4 32. d5 cxd5 33. cxd5 Rxb4 34. d6 Na8 35. Nxa8 Kxa8 36. Rc3 Kb8 37. Rd2 Rd7 38. Rdc2 Rxd6 39. Rc8+ Ka7 40. Rf8 Rd5 41.
Rxf7 Rxa5 42. Re7 Re5 43. Rcc7 a5 44. Rh7 a4 45. Rxh3 a3 46. Rc2 Rb2 47. Rc3 Ra5 48.
g4 a2 0-1

[Event "*** Titled Tuesday Blitz"]
[Site "Chess.com"]
[Date "2019.01.01"]
[Round "10"]
[White "G_Threepwood"]
[Black "TrimitziosP7"]
[Result "0-1"]
[WhiteElo "2526"]
[BlackElo "2659"]
[TimeControl "180+2"]
[EndTime "15:22:13 PST"]
[Termination "TrimitziosP7 won by checkmate"]

1. e4 c5 2. Nc3 Nc6 3. Nge2 Nf6 4. d4 cxd4 5. Nxd4 e5 6. Ndb5 d6 7. Nd5 Nxd5 8. exd5 Nb8 9. a4 Be7 10. Be2 O-O 11.
O-O f5 12. f4 a6 13. Na3 Nd7 14. Nc4 exf4 15. Bxf4 Nb6 16. a5 Nxc4 17. Bxc4 Bf6 18.
c3 Qc7 19. Qd3 Bd7 20. Be3 Rae8 21. Bb6 Qc8 22. Rae1 Be5 23. Bd4 Kh8 24. Bxe5 dxe5 25. b4 Qd8 26. Ba2 Qf6 27. c4 e4 28. Qd2 f4 29. Bb1 e3 30. Qd3 g6 31. b5 Qe5 32.
Qb3 g5 33. bxa6 bxa6 34. c5 Rb8 35. Qd1 Rb2 36. Qh5 Bf5 37. Bxf5 Rxf5 38. d6 Qe4 39.
Qh3 Rxc5 40. d7 Rd2 41. Qh6 Qxg2# 0-1